 Dungeon Crawl Stone Soup version 0.27-a0-1191-g601b473118 (webtiles) character file.

Game seed: 1583476887939684407

170 Lanoc the Skirmisher (level 5, -5/47 HPs)
             Began as a Ghoul Chaos Knight on May 23, 2021.
             Was a Plaything of Xom.
             Killed from afar by an electric eel (7 damage)
             ... with a bolt of electricity
             ... on level 6 of the Dungeon.
             The game lasted 00:04:09 (3082 turns).

Lanoc the Skirmisher (Ghoul Chaos Knight)           Turns: 3082, Time: 00:04:10

Health: -5/47      AC:  5    Str: 16      XL:     5   Next: 51%
Magic:  4/4        EV: 11    Int:  7      God:    Xom [....*.]
Gold:   79         SH:  0    Dex:  7 (9)  Spells: 4/4 levels left

rFire    . . .     SeeInvis .   a - +0 mace (chaos)
rCold    + . .     Faith    .   (no shield)
rNeg     + + +     Spirit   .   b - +2 leather armour
rPois    ∞         Reflect  .   (no helmet)
rElec    .         Harm     .   o - scarf {shadows}
rCorr    .         Rampage  .   (no gloves)
Will     .....                  (no boots)
Stlth    +.........             (no amulet)
HPRegen  0.00/turn              (no ring)
MPRegen  0.09/turn              (no ring)

@: no status effects
A: claws 1, cold resistance 1, negative energy resistance 3, inhibited
regeneration, torment resistance 2
a: Renounce Religion


You were on level 6 of the Dungeon.
You worshipped Xom.
You were a beloved toy of Xom.
You visited 1 branch of the dungeon, and saw 4 of its levels.

You collected 79 gold pieces.

Inventory:

Hand Weapons
 a - a +0 mace of chaos (weapon)
Armour
 b - a +2 leather armour (worn)
 o - a scarf of shadows (worn)
Jewellery
 e - a +6 ring of intelligence
Wands
 q - a wand of acid (6)
Scrolls
 c - a scroll of fog {unknown}
 f - a scroll of amnesia {unknown}
 g - a scroll of vulnerability {unknown}
 h - 3 scrolls of identify
 k - a scroll of immolation
 l - 2 scrolls of teleportation
 n - a scroll of enchant weapon {unknown}
Potions
 d - a potion of lignification
 i - a potion of might {unknown}
 j - a potion of curing {unknown}
 m - a potion of degeneration {unknown}
 p - a potion of heal wounds {unknown}
 r - a potion of brilliance


   Skills:
 + Level 4.4 Fighting
 - Level 3.3 Maces & Flails
 + Level 3.0 Armour
 + Level 2.5 Dodging


You had 4 spell levels left.
You didn't know any spells.
Your spell library was empty.

Dungeon Overview and Level Annotations

Branches:
Dungeon (3/15)

Altars:

Shops:
D:2 [:(


Innate Abilities, Weirdness & Mutations

You thrive by killing the living.
You are immune to poison.
You have sharp fingernails.
Your flesh is cold resistant. (rC+)
You are immune to negative energy. (rN+++)
You do not regenerate when monsters are visible.
You are immune to unholy pain and torment.


Message History

The adder bites you but does no damage. The scorpion stings you!
* * * LOW HITPOINT WARNING * * *
A kobold comes into view. It is wielding a +0 short sword.
The scorpion stings you but does no damage.
The phantom closely misses you. The adder bites you but does no damage.
The scorpion barely misses you. The kobold brigand closely misses you.
Found a stone staircase leading down.
Your surroundings suddenly seem different.
The kobold shouts!
The kobold throws a stone.
The stone hits you.
* * * LOW HITPOINT WARNING * * *
Aiming: Corrosive Bolt
Press: ? - help, Shift-Dir - straight line, f - kobold
Aim: a kobold, wielding a +0 dagger and quivering stones (inner flame, 64% to hit)
The bolt of acid hits the kobold!
The kobold is splashed with acid.
The acid corrodes the kobold!
The adder hisses angrily.
The kobold explodes!
Aiming: Corrosive Bolt
Press: ? - help, Shift-Dir - straight line, f - you That beam is likely to hit you.
Continue anyway? [Y]es or [N]o only, please.
That beam is likely to hit you.
Continue anyway?
Okay, then.
Aiming: Corrosive Bolt
Press: ? - help, Shift-Dir - straight line, f - adder
Aim: an adder (inner flame, 53% to hit)
The bolt of acid hits the adder!
The adder is splashed with acid.
The acid corrodes the adder!
Flame seeps out of the adder.
The adder explodes!
You hear a shout!
The electric eel shoots out a bolt of lightning at you!
The bolt of electricity hits you!
* * * LOW HITPOINT WARNING * * *
It was a potion of lignification.
You feel woody for a moment.
The electric eel shoots out a bolt of lightning at you!
The bolt of electricity hits you!
You die...
Xom roars with laughter!

.......... ...##.............
........ ......... #......
#....... ♣.....###.....# ≈P
≈PPP≈♣..(..#.....#
;≈P≈≈≈P≈♣≈.....#....##..
≈≈≈≈≈≈P≈♣≈..@.........#
≈≈≈≈♣≈≈≈;≈....###....## ≈
≈♣P≈≈≈≈≈♣...............
≈≈≈≈≈≈≈≈;♣.............##... .
≈≈≈ ♣♣.............(.##...##.
≈♣≈P♣♣♣...#..........##...>..KK
♣≈≈♣P.S#................#...... ♣
♣#..##.###..............###.K#
..#....#s§.##..[.....#....#..K##.


You could see an electric eel.

Vanquished Creatures
  2 orc priests (D:3)
  An orc wizard (D:3)
  An adder (D:6)
  2 dart slugs
  8 orcs (D:3)
  4 ball pythons (D:1)
  3 endoplasms
  6 goblins
  6 hobgoblins
  9 jackals
  6 kobolds
  3 quokkas (D:3)
  6 bats
  3 rats
60 creatures vanquished.

Vanquished Creatures (collateral kills)
  A quokka (D:1)
1 creature vanquished.

Grand Total: 61 creatures vanquished

Notes
Turn   | Place    | Note
-------+----------+-------------------------------------------
     0 | D:1      | Lanoc the Ghoul Chaos Knight began the quest for the Orb.
     0 | D:1      | Reached XP level 1. HP: 19/19 MP: 0/0
    28 | D:1      | Reached skill level 1 in Dodging
   291 | D:1      | Reached XP level 2. HP: 25/26 MP: 1/1
   432 | D:1      | XOM: cast spell 'Call Canine Familiar'
   517 | D:1      | XOM is BORED!
   517 | D:1      | XOM: silly message
   631 | D:1      | XOM: silly message
   774 | D:1      | XOM: 2-stop teleportation journey
  1206 | D:2      | Found Kilet's Antique Armour Boutique.
  1213 | D:2      | Reached XP level 3. HP: 26/31 MP: 2/2
  1220 | D:2      | Found Numet's Book Boutique.
  1324 | D:2      | Found Tah Jiu's Weapon Shop.
  1369 | D:2      | XOM: silly message
  1870 | D:2      | XOM: cloud trail
  2066 | D:3      | XOM is BORED!
  2066 | D:3      | XOM: summons 2 hostile demons
  2069 | D:3      | XOM: polymorph iron imp -> ufetubus
  2462 | D:3      | Reached XP level 4. HP: 35/40 MP: 3/3
  2469 | D:3      | Reached skill level 4 in Fighting
  2470 | D:3      | XOM: scenery: summon butterflies
  2476 | D:3      | Reached XP level 5. HP: 26/46 MP: 4/4
  2831 | D:3      | XOM: summons 1 hostile demon
  3033 | D:3      | You fall into a shaft and drop 3 floors!
  3034 | D:6      | Noticed a phantom
  3059 | D:6      | Noticed a kobold brigand
  3081 | D:6      | HP: 2/47 [electric eel/bolt of electricity (10)]
  3082 | D:6      | Killed from afar by an electric eel

Illustrated notes

Levels and vault maps discovered:
D:1:      scummos_arrival_forest, layout_basic, chequers_arboretum
D:2:      layout_basic, serial_shops, nicolae_shop_crystal, shop, shop,
          minmay_stone_trees_small
D:3:      layout_loops_ring
D:6:      layout_cave_pools, lemuel_temple_firewalk_b, serial_bayou,
          serial_bayou_lake_a, serial_bayou_pond_e, serial_bayou_pond_a,
          serial_bayou_ford_a, minmay_splitting_lines,
          ebering_dispersal_statue_hall

Skill      XL: |  1  2  3  4  5 |
---------------+----------------+-----
Dodging        | 1 2 |  2.5
Maces & Flails | 3 |  3.3
Armour         | 2 3 |  3.0
Fighting       | 4 |  4.4

Action                   |  1- 3 |  4- 6 || total
-------------------------+-------+-------++-------
Melee: Mace              |   104 |    64 ||   168
Evoke: Wand              |       |     2 ||     2
  Use: Scroll            |       |     3 ||     3
       Potion            |       |     1 ||     1
Armor: Leather armour    |    52 |    28 ||    80
Dodge: Dodged            |    94 |    41 ||   135

Table legend: (Time is in decaauts)
 A = Elapsed time spent in this place.
 B = Non-inter-level travel time spent in this place.
 C = Inter-level travel time spent in this place.
 D = Time resting spent in this place.
 E = Time spent auto-exploring this place.
 F = Levels seen in this place.
 G = Mean time per level.
                   A        B        C        D        E       F      G
               +--------+--------+--------+--------+--------+-----+--------+
         Total |   3122 |   3072 |     50 |      0 |   2586 |   4 |  780.5 |
       Dungeon |   3122 |   3072 |     50 |      0 |   2586 |   4 |  780.5 |
               +--------+--------+--------+--------+--------+-----+--------+

Top non-repeatable levels by time:
     D:1: 1216 daAuts
     D:3: 1115 daAuts
     D:2: 739 daAuts
     D:6: 51 daAuts
